 Dungeon Crawl Stone Soup version 0.28.0-45-g0d030f2227 (webtiles) character file.

Game seed: 18032781847449693352

595 pkoi the Charlatan (level 6, 0/48 HPs)
             Began as a Demigod Artificer on Apr 25, 2022.
             Slain by a phantom (8 damage)
             ... on level 5 of the Dungeon.
             The game lasted 00:09:53 (11149 turns).

pkoi the Charlatan (Demigod Artificer)             Turns: 11149, Time: 00:09:54

Health: 0/48       AC:  6    Str: 13    XL:     6   Next: 95%
Magic:  11/11      EV: 11    Int: 21    God:
Gold:   170        SH:  5    Dex: 14    Spells: 6/8 levels left

rFire   . . .      SeeInvis .     - Unarmed
rCold   . . .      Faith    .   (no shield)
rNeg    . . .      Spirit   .   i - +1 ring mail
rPois   .          Reflect  +   (no helmet)
rElec   .          Harm     .   (no cloak)
rCorr   .          Rampage  .   (no gloves)
Will    .....                   (no boots)
Stlth   +.........              n - amulet of reflection
HPRegen 0.16/turn               (no ring)
MPRegen 0.12/turn               (no ring)

@: no status effects
A: high MP 1, forlorn, divine attributes
a: no special abilities


You were on level 5 of the Dungeon.
You visited 1 branch of the dungeon, and saw 5 of its levels.

You collected 170 gold pieces.

Inventory:

Hand Weapons
 b - a +1 shortbow of freezing
 c - a +0 club
 f - a +0 dagger
Missiles
 h - 14 poisoned darts (quivered)
 q - 169 arrows
Armour
 i - a +1 ring mail (worn)
 o - a +0 leather armour
Magical Staves
 g - a staff of death
Jewellery
 n - an amulet of reflection (around neck)
Wands
 a - a wand of flame (2)
 d - a wand of charming (7)
 r - a wand of iceblast (6)
Scrolls
 m - 3 scrolls of teleportation
 t - a scroll of magic mapping
Potions
 j - a potion of attraction {unknown}
 k - a potion of cancellation
 l - 2 potions of flight
 p - a potion of haste {unknown}
 s - 2 potions of magic {unknown}
Miscellaneous
 e - a piece from Xom's chessboard (15/15)


   Skills:
 - Level 2.0 Fighting
 - Level 1.7 Armour
 - Level 2.0 Dodging
 - Level 2.0 Stealth
 + Level 3.7 Unarmed Combat
 + Level 1.9 Spellcasting
 - Level 4.8 Evocations


You had 6 spell levels left.
You knew the following spells:

 Your Spells              Type           Power      Damage    Failure   Level
a - Blink                 Tloc           4%         N/A       43%         2

Your spell library contained the following spells:

 Spells                   Type           Power      Damage    Failure   Level
 Freeze                   Ice            8%         1d3       32%         1
 Ensorcelled Hibernation  Hex/Ice        4%         N/A       43%         2
 Passwall                 Tmut/Erth      1%         N/A       43%         2
 Frozen Ramparts          Ice            4%         1d2       67%         3
 Lesser Beckoning         Tloc           2%         N/A       67%         3
 Swiftness                Air            2%         N/A       67%         3
 Hailstorm                Conj/Ice       2%         3d3       97%         4
 Ice Form                 Ice/Tmut       2%         N/A       97%         4
 Manifold Assault         Tloc           2%         N/A       100%        5
 Simulacrum               Ice/Necr       1%         N/A       100%        6


Dungeon Overview and Level Annotations

Branches:
Dungeon (5/15)             Temple (0/1) D:4

Shops:
D:3 =


Innate Abilities, Weirdness & Mutations

You have an increased reservoir of magic. (+10% MP)
You shall have no god before yourself.
Your divine heritage dramatically boosts your attributes as you level up.


Message History

You hit the phantom.
The phantom is heavily damaged.
The phantom barely misses you.
You closely miss the phantom.
The phantom is heavily damaged.
The phantom hits you!
* * * LOW HITPOINT WARNING * * *
You hit the phantom.
The phantom is heavily damaged.
The phantom hits you.
* * * LOW HITPOINT WARNING * * *
The phantom blinks!
You blink.
The phantom hits you.
* * * LOW HITPOINT WARNING * * *
The phantom blinks!
You blink.
The phantom hits you.
* * * LOW HITPOINT WARNING * * *
The phantom blinks!
You blink.
You barely miss the phantom.
The phantom is heavily damaged.
The phantom completely misses you.
You closely miss the phantom.
The phantom is heavily damaged.
The phantom hits you.
* * * LOW HITPOINT WARNING * * *
You hit the phantom but do no damage.
The phantom is heavily damaged.
The phantom hits you but does no damage.
You hit the phantom.
The phantom is heavily damaged.
The phantom hits you.
* * * LOW HITPOINT WARNING * * *
The phantom blinks!
You blink.
Aiming: Throw Flame
Press: ? - help, Shift-Dir - straight line, f - phantom
Aim: a phantom (heavily damaged, 64% to hit)
The puff of flame hits the phantom.
The phantom is severely damaged.
The phantom hits you!
You die...

#.# # #.## #.# #.
##(# #.#
#.#.#############.#
#...>......§§.##.#
##..#########§##.#
#..# #.##.# #..#
######.##.###.#
#..####§..@W........#
#.....§.####.#..#####
##.###### #.#.## #.#
#.#.# #.# #.#.# #.#.#
..#.##### ###.....# #
#####.# #


You could see a phantom.

Vanquished Creatures
  An ice beast (D:5)
  A centaur (D:5)
  A centaur zombie (D:5)
  2 hounds
  4 orc priests (D:4)
  An iguana (D:5)
  An orc wizard (D:5)
  5 adders
  A white imp (D:5)
  An adder zombie (D:5)
  3 worms
  3 dart slugs
  7 orcs
  4 endoplasms
  6 giant cockroaches
  A goblin (D:3)
  5 hobgoblins
  11 kobolds
  2 quokkas (D:1)
  5 ball pythons
  10 bats
  3 frilled lizards
  4 rats
82 creatures vanquished.

Vanquished Creatures (collateral kills)
  An orc priest (D:4)
  2 orcs
  A giant cockroach (D:3)
  A goblin (D:3)
5 creatures vanquished.

Vanquished Creatures (others)
  An endoplasm (D:3)
  A goblin (D:1)
2 creatures vanquished.

Grand Total: 89 creatures vanquished

Notes
Turn   | Place    | Note
-------+----------+-------------------------------------------
     0 | D:1      | pkoi the Demigod Artificer began the quest for the Orb.
     0 | D:1      | Reached XP level 1. HP: 15/15 MP: 3/3
   974 | D:1      | Reached skill level 1 in Unarmed Combat
  1169 | D:1      | Reached XP level 2. HP: 18/22 MP: 4/4
  1317 | D:1      | Reached skill level 3 in Evocations
  2129 | D:2      | Reached skill level 1 in Fighting
  2129 | D:2      | Reached skill level 1 in Dodging
  2465 | D:3      | Reached XP level 3. HP: 27/28 MP: 5/5
  3922 | D:3      | Reached skill level 1 in Stealth
  4138 | D:3      | Reached XP level 4. HP: 29/35 MP: 6/6
  4409 | D:3      | Found Gekkiqel's Jewellery Shoppe.
  6438 | D:4      | Reached XP level 5. HP: 9/41 MP: 7/7
  6836 | D:4      | Reached skill level 4 in Evocations
  7008 | D:4      | Found a staircase to the Ecumenical Temple.
  7760 | D:5      | Entered Level 5 of the Dungeon
  7760 | D:5      | Noticed a centaur
  7763 | D:5      | Killed a centaur
  7817 | D:4      | Learned a level 2 spell: Blink
  7854 | D:5      | Reached XP level 6. HP: 41/48 MP: 8/8
  8642 | D:5      | Reached skill level 1 in Spellcasting
 11149 | D:5      | Slain by a phantom

Illustrated notes

Levels and vault maps discovered:
D:1:      dpeg_arrival_boxorama, layout_basic,
          hellmonk_ecumenical_altar_lost_god
D:2:      layout_rooms
D:3:      layout_basic, serial_shops, nicolae_shop_window_shopping
D:4:      layout_basic, ashenzari_altar_1, minmay_temple_entry_mini_moons
D:5:      layout_loops_ring, lemuel_mausoleum_altar_yredelemnul,
          lemuel_crystal_altar

Skill      XL: |  1  2  3  4  5  6 |
---------------+-------------------+-----
Unarmed Combat | 1 2 3 |  3.7
Evocations     | 3 4 |  4.8
Fighting       | 1 2 |  2.0
Dodging        | 1 2 |  2.0
Stealth        | 1 2 |  2.0
Spellcasting   | 1 |  1.9
Armour         | |  1.7

Action                   |  1- 3 |  4- 6 || total
-------------------------+-------+-------++-------
Melee: Dagger            |   230 |   147 ||   377
       Club              |    16 |     1 ||    17
       Punch             |     3 |     3 ||     6
       Unarmed           |       |   120 ||   120
 Fire: Shortbow          |       |    57 ||    57
Throw: Dart              |       |    20 ||    20
Evoke: Wand              |     9 |    12 ||    21
  Use: Scroll            |     4 |     6 ||    10
       Potion            |     3 |       ||     3
 Stab: Sleeping          |     1 |     1 ||     2
Armor: Leather armour    |    16 |       ||    16
       Ring mail         |    80 |    73 ||   153
Dodge: Dodged            |   154 |   122 ||   276
Block: Other             |    17 |    65 ||    82
       Reflection        |       |     5 ||     5
